 Dungeon Crawl Stone Soup version 0.20-a0-972-gb9bd3e6 (webtiles) character file.

189 Hybris the Poker (level 5, -3/82 HPs)
             Began as an Ogre Gladiator on Apr 9, 2017.
             Was a Follower of Wu Jian.
             Slain by a gnoll
             ... wielding a +0 spear
              (5 damage)
             ... on level 3 of the Dungeon.
             The game lasted 00:06:02 (3279 turns).

Hybris the Poker (Ogre Gladiator)                   Turns: 3279, Time: 00:06:03

Health: -3/82      AC:  3    Str: 24    XL:     5   Next: 68%
Magic:  5/5        EV: 10    Int:  9    God:    Wu Jian [*.....]
Gold:   80         SH:  0    Dex: 10    Spells: 2/4 levels left

rFire    . . .     SeeInvis .   a - +0 trident
rCold    . . .     Gourm    .   (no shield)
rNeg     . . .     Faith    .   b - +0 robe
rPois    .         Spirit   .   c - +0 hat
rElec    .         Reflect  .   (no cloak)
rCorr    .         Harm     .   (gloves unavailable)
MR       .....                  (boots unavailable)
Stlth    ..........             (no amulet)
Regen    0.3/turn               (no ring)
MPRegen  0.1/turn               (no ring)

@: berserking, very quick
A: unfitting armour, tough skin 1
a: Renounce Religion


You were on level 3 of the Dungeon.
You worshipped Wu Jian.
Wu Jian was aware of your devotion.
You were not hungry.

You visited 1 branch of the dungeon, and saw 3 of its levels.

You collected 80 gold pieces.

Inventory:

Hand Weapons
 a - a +0 trident (weapon)
Missiles
 d - 3 throwing nets (quivered)
 v - 25 arrows
Armour
 b - a +0 robe (worn)
 c - a +0 hat (worn)
Scrolls
 e - 3 scrolls of remove curse
 h - a scroll of fog
 i - a scroll of magic mapping {unknown}
 k - 2 scrolls of identify
 l - a scroll of enchant weapon {unknown}
 q - a scroll of amnesia {unknown}
 r - a scroll of fear {unknown}
Potions
 g - a potion of berserk rage
 j - 2 potions of agility {unknown}
 m - 2 potions of flight {unknown}
 n - 2 potions of lignification
 o - a potion of experience {unknown}
 p - a potion of mutation {unknown}
 s - a potion of curing {unknown}
 w - a potion of might {unknown}
Books
 t - a book of Changes

   Spells                             Type                      Level
   a - Beastly Appendage              Transmutation                1
   b - Sticks to Snakes               Transmutation                2
   c - Spider Form                    Transmutation/Poison         3
   d - Ice Form                       Ice/Transmutation            4
   e - Blade Hands                    Transmutation                5
Comestibles
 f - 2 bread rations
 u - 3 chunks of flesh


   Skills:
 + Level 4.5 Fighting
   Level 0.0(2.4) Axes
 * Level 5.5 Polearms
 - Level 2.0 Throwing
 - Level 2.6 Dodging


You had 2 spell levels left.
You knew the following spells:

 Your Spells              Type           Power        Failure   Level  Hunger
a - Sticks to Snakes      Tmut           #.......     65%         2    ###....


Dungeon Overview and Level Annotations

Branches:
Dungeon (3/15)

Altars:
Elyvilon
Qazlal
Trog
Wu Jian


Innate Abilities, Weirdness & Mutations

You are too large for most types of armour.
You have tough skin. (AC +1)


Message History

The gnoll hits you from afar with a spear!
* * * LOW HITPOINT WARNING * * *
The gnoll hits you with a halberd!
* * * LOW HITPOINT WARNING * * *
The gnoll closely misses you.
It was a potion of berserk rage.
A red film seems to cover your vision as you go berserk!
You feel yourself moving faster!
You feel mighty!
You feel a strong urge to attack something.
The gnoll hits you with a halberd!
* * * LOW HITPOINT WARNING * * *
Things that are here:
a club x2
You impale the gnoll!!
You kill the gnoll!
The Council accepts your kill.
The gnoll hits you from afar with a spear.
* * * LOW HITPOINT WARNING * * *
The gnoll hits you with a spear.
You die...

######### #.......##
#.####...##
#.###.....##
###.##.......########
##.............g@)...#
.....##.......######.#
##.#####.....## #.#
#.# ##...## ####.#
##.## ##.######.>..#
#...######.#...##.####
.>........#....##.#
#...######.#...##.#
...## #.##.###.#


You could see a gnoll.

Vanquished Creatures
  An orc wizard (D:3)
  6 adders
  3 gnolls (D:3)
  An ooze (D:1)
  A worm (D:3)
  A dart slug (D:1)
  3 leopard geckos (D:1)
  6 orcs (D:3)
  6 giant cockroaches
  4 goblins
  4 hobgoblins
  4 jackals (D:3)
  A quokka (D:3)
  8 bats
  5 frilled lizards
  6 kobolds
  6 rats
66 creatures vanquished.

Notes
Turn   | Place    | Note
-------+----------+-------------------------------------------
     0 | D:1      | Hybris the Ogre Gladiator began the quest for the Orb.
     0 | D:1      | Reached XP level 1. HP: 22/22 MP: 1/1
   227 | D:1      | Reached XP level 2. HP: 26/31 MP: 2/2
  1124 | D:1      | Reached XP level 3. HP: 32/37 MP: 3/3
  1184 | D:2      | Reached skill level 4 in Polearms
  1537 | D:2      | Reached XP level 4. HP: 25/48 MP: 4/4
  1821 | D:2      | Found a white marble altar of Elyvilon.
  1900 | D:2      | Found an ornate altar of the Wu Jian Council.
  2136 | D:2      | Became a worshipper of the Wu Jian Council
  2286 | D:2      | Learned a level 2 spell: Sticks to Snakes
  2346 | D:2      | Found a bloodstained altar of Trog.
  2600 | D:3      | Reached skill level 5 in Polearms
  2600 | D:3      | Reached XP level 5. HP: 44/54 MP: 5/5
  3014 | D:3      | Reached * piety under Wu Jian
  3223 | D:3      | Found a stormy altar of Qazlal.
  3278 | D:3      | HP: 2/82 [gnoll/spear (4)]
  3279 | D:3      | Slain by a gnoll

Vault maps used:
D:1:      minmay_arrival_pointy, minmay_pentomino_v4
D:2:      lightli_temple_of_fire, nicolae_overflow_crystal_walls,
          lemuel_round_altar, first_bread
D:3:      lemuel_blue_sif_altar, nicolae_overflow_hidden_temple, grunt_decor_cap

Skill      XL: |  1  2  3  4 |
---------------+-------------+-----
Fighting       | 3 4 |  4.5
Polearms       | 4 5 |  5.5
Throwing       | |  2.0
Dodging        | |  2.6

Action                   |  1- 3 |  4- 6 || total
-------------------------+-------+-------++-------
Melee: Trident           |   105 |   156 ||   261
  Use: Scroll            |       |     3 ||     3
       Potion            |       |     1 ||     1
 Stab: Sleeping          |     1 |       ||     1
  Eat: Chunk             |     2 |     4 ||     6
       Royal jelly       |       |     1 ||     1
Armor: Robe              |    15 |    41 ||    56
Dodge: Dodged            |    43 |    85 ||   128
